 Dungeon Crawl Stone Soup version 0.28-a0-1524-ge72afd5fc6 (webtiles) character file.

Game seed: 9234678547316831207

32 psuckher the Sneak (level 3, -6/30 HPs)
             Began as a Barachi Delver on Jan 17, 2022.
             Killed from afar by a white imp (11 damage)
             ... with a puff of frost
             ... on level 5 of the Dungeon.
             The game lasted 00:00:55 (274 turns).

psuckher the Sneak (Barachi Delver)                  Turns: 274, Time: 00:00:56

Health: -6/30      AC:  3    Str: 15    XL:     3   Next: 25%
Magic:  3/3        EV: 12    Int: 10    God:
Gold:   0          SH:  0    Dex: 13    Spells: 2/2 levels left

rFire   . . .      SeeInvis .   a - +0 short sword
rCold   . . .      Faith    .   (no shield)
rNeg    . . .      Spirit   .   b - +0 leather armour
rPois   .          Reflect  .   (no helmet)
rElec   .          Harm     .   (no cloak)
rCorr   .          Rampage  .   (no gloves)
Will    .....                   (no boots)
Stlth   +++.......              (no amulet)
HPRegen 0.10/turn               (no ring)
MPRegen 0.08/turn               (no ring)

@: slow
A: amphibious, slowness 1, strong legs 1, +LOS
a: Hop


You were on level 5 of the Dungeon.
You visited 1 branch of the dungeon, and saw 1 of its levels.

Inventory:

Hand Weapons
 a - a +0 short sword (weapon)
Armour
 b - a +0 leather armour (worn)
Wands
 g - a wand of digging (3)
Scrolls
 c - a scroll of fog
 d - a scroll of magic mapping
 e - a scroll of fear
Potions
 f - a potion of haste


   Skills:
 + Level 3.9 Fighting
 + Level 2.3 Short Blades
 + Level 0.1 Armour
 + Level 2.2 Dodging
 + Level 5.2 Stealth


You had 2 spell levels left.
You didn't know any spells.
Your spell library was empty.

Dungeon Overview and Level Annotations

Branches:
Dungeon (5/15)
 Temple: D:4-7

Altars:


Innate Abilities, Weirdness & Mutations

You are amphibious.
You cover ground slowly.
You can hop short distances.
You have an extended range of vision and can be seen from far away.


Message History

You hit the bullfrog zombie.
The bullfrog zombie is heavily damaged.
The bullfrog zombie hits you but does no damage.
You hit the bullfrog zombie.
The bullfrog zombie is severely damaged.
The bullfrog zombie barely misses you.
You hit the bullfrog zombie.
The bullfrog zombie is severely damaged.
The bullfrog zombie barely misses you.
You hit the bullfrog zombie.
The bullfrog zombie is almost destroyed.
The bullfrog zombie misses you. The bullfrog zombie hits you.
* * * LOW HITPOINT WARNING * * *
You hit the bullfrog zombie.
You destroy the bullfrog zombie!
Your Stealth skill increases to level 5!
You have reached level 2!
You have reached level 3!
Your experience leads to an increase in your attributes!
Increase (S)trength, (I)ntelligence, or (D)exterity?
You feel stronger. x2
Your library has no spells.
The white imp shouts!
The white imp gestures at you. The puff of frost hits you!
A hound comes into view.
The hound barks!
You hit the white imp.
The white imp is moderately wounded.
The white imp hits you. The white imp freezes you.
You barely miss the white imp.
The white imp is moderately wounded.
The white imp gestures at you. The puff of frost hits you!
* * * LOW HITPOINT WARNING * * *
You barely miss the white imp.
The white imp is moderately wounded.
The white imp gestures at you. The puff of frost hits you!
You die...

#.# #.# #.# #.#
##.#####
##......######
#.............
##.#######......######
#...5@......#####
......h.######.#
..##..#. #.# ## ....
#. #+# #. .... #. ...
#. ... #. ..... #. #.
#. .....J. ##. . #.
.......O.####.. ..
+.........+.....


You could see a hound and a white imp.

Vanquished Creatures
  A bullfrog zombie (D:5)
1 creature vanquished.

Notes
Turn   | Place    | Note
-------+----------+-------------------------------------------
     0 | D:5      | psuckher the Barachi Delver began the quest for the Orb.
     0 | D:5      | Reached XP level 1. HP: 18/18 MP: 1/1
    50 | D:5      | Noticed an ogre
    50 | D:5      | Noticed a jelly
    81 | D:5      | Reached skill level 5 in Stealth
    81 | D:5      | Reached XP level 2. HP: 7/25 MP: 2/2
    81 | D:5      | Reached XP level 3. HP: 9/30 MP: 3/3
   274 | D:5      | Killed from afar by a white imp

Illustrated notes

Levels and vault maps discovered:
D:5:      layout_loops_corners, uniq_grinder

Skill      XL: |  1 |
---------------+----+-----
Stealth        | 5 |  5.2
Fighting       | |  3.9
Short Blades   | |  2.3
Armour         | |  0.1
Dodging        | |  2.2

Action                   || total
-------------------------++-------
Melee: Short sword       ||    11
Armor: Leather armour    ||     2
Dodge: Dodged            ||     5

Table legend: (Time is in decaauts)
 A = Elapsed time spent in this place.
 B = Non-inter-level travel time spent in this place.
 C = Inter-level travel time spent in this place.
 D = Time resting spent in this place.
 E = Time spent auto-exploring this place.
 F = Levels seen in this place.
 G = Mean time per level.
                   A        B        C        D        E       F      G
               +--------+--------+--------+--------+--------+-----+--------+
         Total |    326 |    326 |      0 |      0 |      0 |   1 |  326.0 |
       Dungeon |    326 |    326 |      0 |      0 |      0 |   1 |  326.0 |
               +--------+--------+--------+--------+--------+-----+--------+

Top non-repeatable levels by time:
     D:5: 326 daAuts
